 Dungeon Crawl Stone Soup version 0.18-a0-316-gf882de5 (console) character file.

87 endege the Chopper (level 4, -3/28 HPs)
             Began as a Tengu Berserker on Nov 27, 2015.
             Was a Believer of Trog.
             Slain by Sigmund
             ... wielding a +0 scythe
              (10 damage)
             ... on level 2 of the Dungeon.
             The game lasted 00:01:00 (1127 turns).

endege the Chopper (Tengu Berserker)                Turns: 1127, Time: 00:01:00

Health: -3/28      AC:  3    Str: 17    XL:     4   Next: 51%
Magic:  5/5        EV: 16    Int:  7    God:    Trog [**....]
Gold:   104        SH:  0    Dex: 15    Spells: 0 memorised, 3 levels left

rFire  . . .     SeeInvis .     Y - +1 hand axe
rCold  . . .     Clarity  .     d - +0 leather armour
rNeg   . . .     SustAt   .     (no shield)
rPois  .         Gourm    .     (helmet restricted)
rElec  .         Spirit   .     (no cloak)
rCorr  .         Warding  .     (no gloves)
rMut   .         Stasis   .     (boots unavailable)
MR     .....                    (no amulet)
Stlth  +.........               (no ring)
                                m - +4 ring of evasion

@: exhausted, slowed, very slow, not resistant to hostile enchantments, very
unstealthy
A: beak, talons 3
a: Berserk, Trog's Hand, Burn Spellbooks, Renounce Religion


You were on level 2 of the Dungeon.
You worshipped Trog.
Trog was pleased with you.
You were not hungry.

You visited 1 branch of the dungeon, and saw 2 of its levels.

You collected 104 gold pieces.


Innate Abilities, Weirdness & Mutations

You have a beak for a mouth.
You have claws for feet.


   Skills:
 - Level 3.0 Fighting
 + Level 5.6 Axes
 - Level 2.1 Armour
 - Level 2.1 Dodging


You had 3 spell levels left.
You didn't know any spells.

Inventory:

Hand Weapons
 Y - a +1 hand axe (weapon)
Armour
 b - a +0 chain mail
 d - a +0 leather armour (worn)
Jewellery
 m - a +4 ring of evasion (left hand)
Scrolls
 e - a scroll of identify
 g - a scroll of random uselessness {unknown}
Potions
 a - a potion of curing {unknown}
 i - a potion of flight {unknown}
 j - a potion of brilliance {unknown}
 n - a potion of degeneration {unknown}
Comestibles
 c - a bread ration
 f - 4 chunks of flesh
 l - 3 fruits

Dungeon Overview and Level Annotations

Branches:
Dungeon (2/15)

Altars:

Annotations:
D:2 Sigmund


Message History

You're too confused to attack without stumbling around!
Eat one of 5 chunks of flesh? (ye/n/q/i?) This raw flesh tastes terrible.
Something hits you.
You continue eating.
You feel less confused. Something closely misses you.
You continue eating.
Something hits you.
You barely miss something. Your kick misses something.
You barely miss something. Something hits you but does no damage.
You closely miss something. Something hits you!
* * * LOW HITPOINT WARNING * * *
You hit something. Something closely misses you.
You barely miss something. You peck something. Something hits you!
You die...

# ### #. #..
#.##.## .....
.... #.# ..#
#.# #{# #.#
#@# #.# #.#
#.###.#
#.#...#
#.#.###
#....# ##...#
### #...# ..#
#..## #.#
#..########.#
#......)>##.#


There were no monsters in sight!

Vanquished Creatures
  Terence (D:2)
  4 gnolls (D:2)
  A giant cockroach (D:2)
  6 hobgoblins
  6 jackals
  A bat (D:1)
  A giant newt (D:2)
  A goblin (D:2)
  4 kobolds
  4 rats (D:1)
29 creatures vanquished.

Notes
Turn   | Place    | Note
--------------------------------------------------------------
     0 | D:1      | endege the Tengu Berserker began the quest for the Orb.
     0 | D:1      | Reached XP level 1. HP: 14/14 MP: 2/2
     0 | D:1      | 0 ||| counter = 27
   171 | D:1      | Reached XP level 2. HP: 19/19 MP: 3/3
   182 | D:1      | Reached skill level 4 in Axes
   740 | D:1      | 740 ||| UPGRADING to leather armour.
   750 | D:1      | 750 ||| DROPPING +0 animal skin.
   751 | D:1      | 751 ||| READING scroll labeled XYSKAI PEAWE.
   752 | D:1      | 752 ||| READING scroll labeled QOYRURGH JELUN.
   753 | D:1      | 753 ||| READING scroll labeled FYDUNU QOLAGU.
   754 | D:1      | 754 ||| READING 2 scrolls labeled VOCSOL HOXTYV.
   755 | D:1      | 755 ||| READING scroll labeled TUXZEMARPHO.
   756 | D:1      | 756 ||| READING scroll of identify.
   756 | D:1      | 756 ||| IDENTIFYING encrusted silver ring
   757 | D:1      | 757 ||| UPGRADING to +4 ring of evasion.
   814 | D:2      | Noticed Terence
   821 | D:2      | 821 ||| INVOKING Berserk.
   826 | D:2      | Killed Terence
   826 | D:2      | Reached XP level 3. HP: 23/23 MP: 4/4
   827 | D:2      | Reached skill level 5 in Axes
   938 | D:2      | 938 ||| INVOKING Berserk.
   939 | D:2      | Reached ** piety under Trog
   941 | D:2      | Reached XP level 4. HP: 28/28 MP: 5/5
  1108 | D:2      | Noticed Sigmund
  1114 | D:2      | 1114 ||| INVOKING Berserk.
  1125 | D:2      | HP: 7/28 [something (13)]
  1127 | D:2      | Slain by Sigmund

Vault maps used:
D:1:      dpeg_arrival_chambers_temple_mockup, patterned_corridor
D:2:      uniq_terence, uniq_natasha, uniq_sigmund

Action                   |  1- 3 |  4- 6 || total
-------------------------+-------+-------++-------
Melee: Hand axe          |    44 |    20 ||    64
Invok: Berserk           |     2 |     1 ||     3
  Use: Scroll            |     6 |       ||     6
  Eat: Chunk             |     1 |     3 ||     4
